 Dungeon Crawl Stone Soup version 0.27.1-33-g824d729ab1 (webtiles) character file.

Game seed: 10236659773016550506

95 SensoryNuts the Ruffian (level 4, -1/35 HPs)
             Began as a Draconian Transmuter on Dec 6, 2021.
             Slain by a wyvern zombie (2 damage)
             ... on level 3 of the Dungeon.
             The game lasted 00:04:04 (2945 turns).

SensoryNuts the Ruffian (Draconian Transmuter)      Turns: 2945, Time: 00:04:05

Health: -1/35      AC:  7    Str: 14    XL:     4   Next: 40%
Magic:  8/8        EV: 12    Int: 13    God:
Gold:   46         SH:  0    Dex: 11    Spells: 7/8 levels left

rFire    . . .     SeeInvis .     - Unarmed
rCold    . . .     Faith    +   (no shield)
rNeg     . . .     Spirit   .   (armour unavailable)
rPois    .         Reflect  .   (helmet currently unavailable)
rElec    .         Harm     .   (no cloak)
rCorr    .         Rampage  .   j - +1 pair of gloves
Will     +....                  (boots currently unavailable)
Stlth    +.........             g - amulet of faith
HPRegen  0.11/turn              i - ring of willpower
MPRegen  0.11/turn              (no ring)

@: appendages (expiring)
A: horns 2, talons 2, AC +5, unfitting armour, cold-blooded
a: End Transformation


You were on level 3 of the Dungeon.
You had temporarily grown beastly horns and talons.
You visited 1 branch of the dungeon, and saw 3 of its levels.

You collected 46 gold pieces.

Inventory:

Hand Weapons
 c - a +0 whip
Missiles
 d - 6 javelins
Armour
 a - a +0 chain mail of positive energy
 j - a +1 pair of gloves (worn)
Jewellery
 g - an amulet of faith (around neck)
 i - a ring of willpower (left hand)
Scrolls
 b - a scroll of amnesia {unknown}
 e - a scroll of acquirement {unknown}
 h - a scroll of fear
Potions
 f - a potion of heal wounds {unknown}
 k - a potion of cancellation {unknown}


   Skills:
 + Level 1.3 Fighting
 + Level 2.3 Dodging
 + Level 0.4 Stealth
 + Level 3.7 Unarmed Combat
 + Level 2.7 Spellcasting
 + Level 2.8 Transmutations


You had 7 spell levels left.
You knew the following spells:

 Your Spells              Type           Power      Damage    Failure   Level
a - Beastly Appendage     Tmut           18%        N/A       8%          1

Your spell library contained the following spells:

 Spells                   Type           Power      Damage    Failure   Level
 Wereblood                Tmut           9%         N/A       11%         2
 Magic Dart               Conj           4%         1d3       24%         1
 Blink                    Tloc           N/A        N/A       34%         2
 Call Imp                 Summ           1%         N/A       34%         2
 Slow                     Hex            1%         N/A       34%         2
 Spider Form              Tmut/Pois      2%         N/A       36%         3
 Confusing Touch          Hex            1%         N/A       56%         3
 Lesser Beckoning         Tloc           0%         N/A       56%         3
 Mephitic Cloud           Conj/Pois/Air  1%         N/A       56%         3
 Vampiric Draining        Necr           0%         2d6       56%         3
 Ice Form                 Ice/Tmut       5%         N/A       78%         4
 Manifold Assault         Tloc           1%         N/A       100%        5


Dungeon Overview and Level Annotations

Branches:
Dungeon (3/15)

Altars:

Shops:
D:1 *   D:2 (


Innate Abilities, Weirdness & Mutations

You have temporarily grown beastly horns and talons.
Your plain brown scales are hard. (AC +5)
You cannot fit into any form of body armour.
You are cold-blooded and may be slowed by cold attacks.


Message History

You hit the wyvern zombie but do no damage.
Your kick misses the wyvern zombie.
You tail-slap the wyvern zombie, but do no damage.
The wyvern zombie bites you but does no damage.
The wyvern zombie bites you!
You hit the wyvern zombie. You claw the wyvern zombie.
The wyvern zombie is lightly damaged.
The wyvern zombie barely misses you.
You hit the wyvern zombie. You claw the wyvern zombie.
The wyvern zombie is moderately damaged.
The wyvern zombie bites you.
You hit the wyvern zombie.
You claw the wyvern zombie, but do no damage.
Your headbutt misses the wyvern zombie.
The wyvern zombie is moderately damaged.
The wyvern zombie bites you!
You hit the wyvern zombie.
You claw the wyvern zombie, but do no damage.
The wyvern zombie is moderately damaged.
The wyvern zombie bites you!
You hit the wyvern zombie. You claw the wyvern zombie.
Your tail-slap misses the wyvern zombie.
The wyvern zombie is heavily damaged.
The wyvern zombie bites you.
You hit the wyvern zombie. You claw the wyvern zombie.
The wyvern zombie is heavily damaged.
The wyvern zombie barely misses you. The wyvern zombie bites you!
* * * LOW HITPOINT WARNING * * *
You hit the wyvern zombie. You claw the wyvern zombie.
The wyvern zombie is severely damaged.
Your transformation is almost over.
The wyvern zombie barely misses you.
You hit the wyvern zombie but do no damage.
You claw the wyvern zombie.
The wyvern zombie is severely damaged.
The wyvern zombie barely misses you.
You barely miss the wyvern zombie.
The wyvern zombie is severely damaged.
The wyvern zombie bites you.
You die...

#.### .Z..#
##.#.## # .....
.# #.#.#
###.### #.#Z#
#.....
#.?@###^#.###.#
#.!............
#######.#.#.###
#.# # #.# #.#
#########.#
#.........#
#.#########


You could see a wyvern zombie.

Vanquished Creatures
  4 gnolls (D:2)
  An adder (D:2)
  A worm (D:2)
  2 dart slugs
  4 ball pythons
  4 giant cockroaches
  6 hobgoblins
  4 quokkas
  4 bats
  A frilled lizard (D:2)
  4 goblins
  2 kobolds (D:1)
  5 rats
42 creatures vanquished.

Notes
Turn   | Place    | Note
-------+----------+-------------------------------------------
     0 | D:1      | SensoryNuts the Draconian Transmuter began the quest for
                  | the Orb.
     0 | D:1      | Reached XP level 1. HP: 16/16 MP: 3/3
   401 | D:1      | Reached XP level 2. HP: 21/23 MP: 3/5
   824 | D:1      | Found Wesur's Assorted Antiques.
  1550 | D:2      | Reached XP level 3. HP: 28/28 MP: 4/6
  1611 | D:2      | Found Joshuc's Antique Weapon Shop.
  1694 | D:2      | HP: 1/28 [gnoll (6)]
  1947 | D:2      | Reached XP level 4. HP: 17/35 MP: 8/8
  2942 | D:3      | HP: 1/35 [wyvern zombie (10)]
  2945 | D:3      | Slain by a wyvern zombie

Illustrated notes

Levels and vault maps discovered:
D:1:      dpeg_arrival_lava_temple_mockup, layout_basic, serial_shops, shop
D:2:      layout_loops_ring, serial_shops, nicolae_shop_stone
D:3:      layout_basic, gup_sewer_entry_pipe

Skill      XL: |  1  2 |
---------------+-------+-----
Dodging        | 2 |  2.3
Fighting       | |  1.3
Stealth        | |  0.4
Unarmed Combat | |  3.7
Spellcasting   | |  2.7
Transmutations | |  2.8

Action                   |  1- 3 |  4- 6 || total
-------------------------+-------+-------++-------
Melee: Unarmed           |   108 |    38 ||   146
       Headbutt          |    13 |     3 ||    16
       Kick              |    19 |    17 ||    36
       Tailslap          |     9 |     3 ||    12
 Cast: Beastly Appendage |    25 |    10 ||    35
  Use: Potion            |     4 |       ||     4
       Scroll            |     3 |       ||     3
 Stab: Invisible         |     1 |       ||     1
Armor: Skin              |    68 |    18 ||    86
Dodge: Dodged            |   109 |    31 ||   140
